[Event "Early-Titled-Tuesday-Blitz-August-29-2023"]
[Site "Chess.com"]
[Date "2023.08.29"]
[Round "7"]
[White "DawidCzerw"]
[Black "MdChess1734"]
[Result "1-0"]
[WhiteElo "2494"]
[BlackElo "2365"]
[TimeControl "180+1"]
[EndTime "9:15:01 PDT"]
[Termination "DawidCzerw won on time"]

1. e4 c6 2. Nc3 d5 3. Qf3 d4 4. Bc4 e6 5. Nce2 Nf6 6. d3 e5 7. Qg3 Qc7 8. f4 Nh5 9. Qh4 Nxf4 10. Nxf4 exf4 11. Bxf4 Qa5+ 12. Bd2 Bb4 13. Nf3 O-O 14. O-O Bxd2 15. Nxd2 Nd7 16. Rxf7 Rxf7 17. Qe7 Qh5 18. Rf1 Nf6 19. Qd8+ 1-0

[Event "Early-Titled-Tuesday-Blitz-August-29-2023"]
[Site "Chess.com"]
[Date "2023.08.29"]
[Round "7"]
[White "hurricane7791"]
[Black "Inepton_Fermion"]
[Result "1-0"]
[WhiteElo "2680"]
[BlackElo "2370"]
[TimeControl "180+1"]
[EndTime "9:15:05 PDT"]
[Termination "hurricane7791 won on time"]

1. d4 Nf6 2. c4 e6 3. Nc3 Bb4 4.
e3 b6 5. Bd3 Bb7 6. Ne2 Bxg2 7.
Rg1 Bf3 8. Qc2 g6 9. e4 Nc6 10. Be3 Ng4 11. O-O-O Nxe3 12. fxe3 Bxc3 13. Qxc3 d6 14.
Rdf1 Bxe2 15. Bxe2 e5 16. b4 Qe7 17. c5 O-O 18. d5 Nd8 19. c6 a5 20. a3 axb4 21.
axb4 f6 22. Kb2 Nf7 23. h4 Ra4 24. Bg4 Kg7 25. Be6 Rfa8 26. Kb1 Nd8 27. Bd7 Nf7 28. Rg2 Ra3 29. Qc4 Ra1+ 30. Kb2 R8a2+ 31. Qxa2 Rxa2+ 32.
Kxa2 Qd8 33. Kb3 f5 34. exf5 Qxh4 35. f6+ 1-0

[Event "Early-Titled-Tuesday-Blitz-August-29-2023"]
[Site "Chess.com"]
[Date "2023.08.29"]
[Round "7"]
[White "tk22h"]
[Black "RAMBO1STBLOOD"]
[Result "1-0"]
[WhiteElo "2433"]
[BlackElo "2261"]
[TimeControl "180+1"]
[EndTime "9:15:05 PDT"]
[Termination "tk22h won by resignation"]

1. c4 f5 2. d4 Nf6 3. Nf3 d6 4. g3 g6 5. Bg2 Bg7 6. O-O O-O 7.
Nc3 Qe8 8. Re1 Qf7 9. Qd3 Nc6 10. e4 Nb4 11. Qe2 fxe4 12. Ng5 Qe8 13. Ngxe4 Nxe4 14. Qxe4 Bf5 15. Qxb7 Nc2 16. Qxa8 Qxa8 17. Bxa8 Rxa8 18. Be3 Nxa1 19. Rxa1 Rb8 20. b3 e5 21. Rd1 Re8 22. dxe5 Bxe5 23. Nd5 c5 24. Bf4 Kf7 25. Bxe5 Rxe5 26.
Ne3 Ke6 27. Nxf5 gxf5 28. Kf1 Re4 29. Re1 Ke5 30. f3 Rxe1+ 31. Kxe1 d5 32. cxd5 Kxd5 33. Kd2 Kd4 34. h3 h6 35. g4 fxg4 36. hxg4 a5 37.
f4 Ke4 38. g5 hxg5 39. fxg5 1-0

[Event "Early-Titled-Tuesday-Blitz-August-29-2023"]
[Site "Chess.com"]
[Date "2023.08.29"]
[Round "7"]
[White "Itk04"]
[Black "Romkachess"]
[Result "1-0"]
[WhiteElo "2670"]
[BlackElo "2545"]
[TimeControl "180+1"]
[EndTime "9:15:07 PDT"]
[Termination "Itk04 won by resignation"]

1. d4 Nf6 2. c4 e6 3. Nf3 b6 4. g3 Bb7 5. Bg2 Bb4+ 6. Bd2 Be7 7. O-O O-O 8. Nc3 c6 9. e4 d5 10. e5 Ne4 11. b3 Nd7 12. Re1 Nxd2 13. Qxd2 Rc8 14. a3 Ba6 15. Bf1 Bb7 16. h4 c5 17.
cxd5 cxd4 18. Nxd4 exd5 19. b4 a6 20. Rac1 b5 21. Bh3 Rc7 22. e6 Nb6 23. exf7+ Kh8 24. Ne6 Nc4 25. Qd4 Bf6 26. Nxd8 Bxd4 27. Ne6 Bxc3 28.
Nxf8 Bxe1 29. Ng6+ hxg6 30. f8=Q+ Kh7 31. Rxe1 1-0

[Event "Early-Titled-Tuesday-Blitz-August-29-2023"]
[Site "Chess.com"]
[Date "2023.08.29"]
[Round "7"]
[White "topin8"]
[Black "Kubas1010"]
[Result "1-0"]
[WhiteElo "2489"]
[BlackElo "2639"]
[TimeControl "180+1"]
[EndTime "9:15:08 PDT"]
[Termination "topin8 won by resignation"]

1. e4 e5 2. Nf3 Nc6 3. Bb5 a6 4. Ba4 Nf6 5. O-O Be7 6. d3 b5 7. Bb3 d6 8. Bd2 O-O 9. h3 Nd7 10. a4 Bb7 11. Be3 Kh8 12. Nc3 f5 13. exf5 Na5 14.
Be6 b4 15. Nd5 b3 16. c4 Nf6 17. Ng5 Nxd5 18. Nxh7 Nf6 19. Nxf6 Rxf6 20. Qh5+ 1-0

[Event "Early-Titled-Tuesday-Blitz-August-29-2023"]
[Site "Chess.com"]
[Date "2023.08.29"]
[Round "7"]
[White "Vanina1989"]
[Black "ybothg"]
[Result "1-0"]
[WhiteElo "2685"]
[BlackElo "2487"]
[TimeControl "180+1"]
[EndTime "9:15:10 PDT"]
[Termination "Vanina1989 won by checkmate"]

1. d4 Nf6 2. c4 g6 3. Nc3 d5 4.
Nf3 Bg7 5. Bg5 O-O 6. Bxf6 Bxf6 7. Nxd5 Bg7 8. Nc3 c5 9. d5 Bxc3+ 10. bxc3 f5 11. Qc2 Nd7 12. e4 Nf6 13. e5 Nd7 14. e6 Nf6 15. h4 Qa5 16. Bd3 a6 17. Ne5 b5 18. h5 Nxh5 19. Rxh5 gxh5 20. Qd2 Kh8 21. Kf1 Qc7 22. Re1 bxc4 23. Qh6 Rf6 24.
Nf7+ Kg8 25. Qg5+ Rg6 26. Nh6+ Kg7 27. Nxf5+ Kf8 28. Qxh5 cxd3 29. Qxh7 Rg8 30. Qf7# 1-0

[Event "Early-Titled-Tuesday-Blitz-August-29-2023"]
[Site "Chess.com"]
[Date "2023.08.29"]
[Round "7"]
[White "Herzog2012"]
[Black "isaak2009"]
[Result "0-1"]
[WhiteElo "2427"]
[BlackElo "2556"]
[TimeControl "180+1"]
[EndTime "9:15:15 PDT"]
[Termination "isaak2009 won on time"]

1. e4 c6 2. d4 d5 3. Nc3 dxe4 4. Nxe4 Bf5 5. Nc5 Nd7 6. Nb3 Qc7 7. Nf3 Ngf6 8. g3 e5 9. dxe5 Nxe5 10. Bf4 Nxf3+ 11. Qxf3 Qe7+ 12. Qe2 Qxe2+ 13. Bxe2 Bxc2 14.
O-O Be7 15. Nd4 Be4 16. Rfe1 O-O 17. a3 Bc5 18. Nb3 Bb6 19. Kf1 Nd5 20. Nd2 Nxf4 21. Nxe4 Nxe2 22. Rxe2 Rad8 23. Rae1 h6 24. Nc3 Rd7 25.
Re7 Rfd8 26. Na4 Bd4 27. b4 Kf8 28. Rxd7 Rxd7 29. Rd1 Ke8 30. Ke2 b5 0-1

[Event "Early-Titled-Tuesday-Blitz-August-29-2023"]
[Site "Chess.com"]
[Date "2023.08.29"]
[Round "7"]
[White "sergoy"]
[Black "WhiteKnight2612"]
[Result "1-0"]
[WhiteElo "2953"]
[BlackElo "2829"]
[TimeControl "180+1"]
[EndTime "9:15:16 PDT"]
[Termination "sergoy won by resignation"]

1. d4 Nf6 2. c4 e6 3. Nf3 Bb4+ 4. Nbd2 d5 5. Qa4+ Nc6 6. e3 O-O 7. a3 Be7 8. b4 b6 9. Be2 Bd7 10. Qc2 Re8 11. Bb2 Bf8 12. O-O a5 13. b5 Ne7 14.
Ne5 Ng6 15. Rfd1 a4 16. c5 bxc5 17. dxc5 Nxe5 18. Bxe5 c6 19. b6 Bc8 20. Rab1 Bb7 21. Bc7 Qd7 22. e4 e5 23. exd5 cxd5 24. Nf3 d4 25.
Bb5 Bc6 26. Nxe5 Rxe5 27. Bxc6 Qxc6 28. Bxe5 Ng4 29. b7 1-0

[Event "Early-Titled-Tuesday-Blitz-August-29-2023"]
[Site "Chess.com"]
[Date "2023.08.29"]
[Round "7"]
[White "Balla_Tamas"]
[Black "bazar-wokzal"]
[Result "0-1"]
[WhiteElo "2439"]
[BlackElo "2597"]
[TimeControl "180+1"]
[EndTime "9:15:17 PDT"]
[Termination "bazar-wokzal won by resignation"]

1. e4 Nc6 2. Nf3 d5 3. exd5 Qxd5 4. Nc3 Qa5 5. Bb5 Bd7 6. d4 a6 7. Ba4 O-O-O 8. d5 Be6 9. Bxc6 bxc6 10. O-O cxd5 11.
Nd4 Bd7 12. b4 Qxb4 13. Nxd5 Qd6 14. Qd3 Qxd5 15. Rb1 Bb5 16. Nxb5 axb5 17. Qe2 Qc4 18. Qf3 e6 19. Bf4 Qd5 20. Qg3 Bd6 21. Qxg7 Ne7 22. Bxd6 Rhg8 23. c4 bxc4 0-1

[Event "Early-Titled-Tuesday-Blitz-August-29-2023"]
[Site "Chess.com"]
[Date "2023.08.29"]
[Round "7"]
[White "suyu28"]
[Black "Orest_Vovk"]
[Result "0-1"]
[WhiteElo "2714"]
[BlackElo "2570"]
[TimeControl "180+1"]
[EndTime "9:15:22 PDT"]
[Termination "Orest_Vovk won by resignation"]

1. d4 g6 2. Bf4 Bh6 3. Bxh6 Nxh6 4. Qd2 Nf5 5. e4 Ng7 6. Qh6 O-O 7. Nf3 f6 8. Bc4+ e6 9. Nc3 b6 10. O-O-O Ba6 11. Bb3 Qe7 12. d5 Qf7 13. e5 Nf5 14.
Qf4 g5 15. Qd2 g4 16. dxe6 dxe6 17. Nd4 Nxd4 18. Qxd4 f5 19. h3 Nc6 20. Qa4 Bb7 21. hxg4 Nxe5 22. gxf5 Qxf5 23. Qh4 Qf4+ 24. Qxf4 Rxf4 25.
Bxe6+ Kg7 26. f3 Re8 27. Bd5 Bxd5 28. Nxd5 Rf7 29. Rhe1 Kf8 30. b3 Ng6 31. Rxe8+ Kxe8 32. Re1+ Kf8 33. Kd2 Nh4 34. Re2 Rd7 35. c4 c6 36.
Re4 Ng6 37. Rd4 cxd5 38. cxd5 Ne7 39. d6 Nc8 40. Ke3 Nxd6 41. Kf4 Rf7+ 42. Ke5 Ne8 43. Rd8 Re7+ 44. Kd5 Re2 45. a4 Rd2+ 0-1

[Event "Early-Titled-Tuesday-Blitz-August-29-2023"]
[Site "Chess.com"]
[Date "2023.08.29"]
[Round "7"]
[White "Tsyhanchuk_Stanislav"]
[Black "IljaZaragatski"]
[Result "1/2-1/2"]
[WhiteElo "2435"]
[BlackElo "2603"]
[TimeControl "180+1"]
[EndTime "9:15:22 PDT"]
[Termination "Game drawn by repetition"]

1. c4 e5 2. Nc3 Nf6 3. Nf3 Nc6 4. e4 Bb4 5. d3 d6 6. a3 Bxc3+ 7. bxc3 O-O 8. g3 Ne8 9. Bg2 f5 10. exf5 Bxf5 11.
O-O Nf6 12. d4 exd4 13. cxd4 d5 14. c5 Be4 15. Bf4 Nh5 16. Be5 Qd7 17. Qb3 Qg4 18. Qxb7 Bxf3 19. Bxf3 Qxf3 20. Qxc6 Rae8 21. Qxc7 Rf7 22.
Qa5 Rxe5 23. dxe5 Nf4 24. gxf4 Qg4+ 25. Kh1 Qf3+ 26. Kg1 Qg4+ 27. Kh1 Qf3+ 28. Kg1 1/2-1/2

[Event "Early-Titled-Tuesday-Blitz-August-29-2023"]
[Site "Chess.com"]
[Date "2023.08.29"]
[Round "7"]
[White "Kezin_Roman"]
[Black "Frolyanov_D"]
[Result "0-1"]
[WhiteElo "2782"]
[BlackElo "2624"]
[TimeControl "180+1"]
[EndTime "9:15:23 PDT"]
[Termination "Frolyanov_D won by resignation"]

1. b3 Nf6 2. Bb2 Nc6 3. Nf3 d5 4. e3 Bg4 5. Bb5 Qd6 6. h3 Bxf3 7. Qxf3 O-O-O 8. Nc3 a6 9. Bxc6 Qxc6 10. g4 h6 11. O-O-O e6 12. Ne2 Be7 13. Qg2 Kb8 14. f4 Rhg8 15. h4 Ne4 16. g5 a5 17. Nd4 Qa6 18. d3 Nd6 19. g6 c5 20. gxf7 Nxf7 21. Nf3 Bf6 22. Qg6 Bxb2+ 23. Kxb2 Nd6 24. Ne5 a4 25. Kb1 Nb5 26. Rd2 Qa5 27. Rhh2 Qc3 28. a3 Nxa3+ 29. Ka2 Nxc2 30. bxa4 Qa1+ 31. Kb3 Qb1+ 32. Kc3 d4+ 0-1

[Event "Early-Titled-Tuesday-Blitz-August-29-2023"]
[Site "Chess.com"]
[Date "2023.08.29"]
[Round "7"]
[White "rasmussvane"]
[Black "denizozen"]
[Result "1-0"]
[WhiteElo "2973"]
[BlackElo "2855"]
[TimeControl "180+1"]
[EndTime "9:15:30 PDT"]
[Termination "rasmussvane won by resignation"]

1. Nf3 d5 2. g3 g6 3. Bg2 Bg7 4. d4 Nf6 5. O-O O-O 6. c4 c6 7. Qb3 a6 8. Bf4 b5 9. cxd5 cxd5 10. Rc1 Bf5 11. a4 bxa4 12. Rxa4 Nbd7 13. Nc3 Qb6 14.
Rb4 Qa5 15. Ne5 Rab8 16. Nxd5 Nxd5 17. Rxb8 Rxb8 18. Nxd7 Rd8 19. Bxd5 Bxd7 20. Bc7 1-0

[Event "Early-Titled-Tuesday-Blitz-August-29-2023"]
[Site "Chess.com"]
[Date "2023.08.29"]
[Round "7"]
[White "ShahMatKanal"]
[Black "DanilNajdin"]
[Result "1-0"]
[WhiteElo "2446"]
[BlackElo "2542"]
[TimeControl "180+1"]
[EndTime "9:15:32 PDT"]
[Termination "ShahMatKanal won by resignation"]

1. e4 e5 2. Nf3 Nc6 3. Bb5 a6 4. Ba4 Nf6 5. O-O b5 6. Bb3 Bc5 7. d3 d6 8. h3 h6 9. c3 Bb6 10. a4 Rb8 11. Be3 O-O 12. axb5 axb5 13. Nbd2 Ne7 14.
Bxb6 Rxb6 15. d4 Ng6 16. Ra8 Ra6 17. Rxa6 Bxa6 18. Re1 Bb7 19. Qe2 Qd7 20. Qe3 Re8 21. dxe5 dxe5 22. Bc2 Qe7 23. Nb3 Nd7 24. Qa7 Bc6 25.
Qxc7 Ba8 26. Rd1 Nf6 27. Qxe7 Nxe7 28. Nxe5 Nxe4 29. Nd4 Rb8 30. Bb3 Bd5 31. Bxd5 Nxd5 32. Ndc6 Ndxc3 33. bxc3 1-0

[Event "Early-Titled-Tuesday-Blitz-August-29-2023"]
[Site "Chess.com"]
[Date "2023.08.29"]
[Round "7"]
[White "fireheart92"]
[Black "Flaccidmoves"]
[Result "1-0"]
[WhiteElo "2937"]
[BlackElo "2490"]
[TimeControl "180+1"]
[EndTime "9:15:33 PDT"]
[Termination "fireheart92 won by resignation"]

1. g3 e5 2. Bg2 d5 3. d4 e4 4.
c4 c6 5. a3 Nf6 6. Nc3 Be7 7.
f3 Bf5 8. fxe4 Nxe4 9. Nxe4 Bxe4 10. Bxe4 dxe4 11. Nh3 O-O 12. O-O Nd7 13. Nf2 f5 14.
Bf4 Nf6 15. Be5 Bd6 16. Qb3 Bxe5 17. dxe5 Nd7 18. Qxb7 Nxe5 19. b3 Qb6 20. Qxb6 axb6 21. Rfd1 Rfd8 22. a4 Kf7 23. Kg2 Ke7 24. h3 Rxd1 25.
Rxd1 Rd8 26. Rxd8 Kxd8 27. g4 g6 28. gxf5 gxf5 29. Kg3 Ng6 30. h4 h5 31. Nh3 c5 32.
Nf4 Ne5 33. Nxh5 Ke7 34. Kf4 Ng6+ 35. Kxf5 Nxh4+ 36. Kxe4 Kd6 37. Nf4 1-0

[Event "Early-Titled-Tuesday-Blitz-August-29-2023"]
[Site "Chess.com"]
[Date "2023.08.29"]
[Round "7"]
[White "FREDERICKtheMATE"]
[Black "albi1999"]
[Result "1-0"]
[WhiteElo "2493"]
[BlackElo "2664"]
[TimeControl "180+1"]
[EndTime "9:15:36 PDT"]
[Termination "FREDERICKtheMATE won by resignation"]

1. Nf3 Nf6 2. g3 g6 3. b3 Bg7 4. Bb2 d5 5. Bg2 O-O 6. O-O c5 7. e3 Nc6 8. Qe2 Qc7 9. c4 dxc4 10. bxc4 Rd8 11. d4 cxd4 12. exd4 Ne8 13. Rd1 Nd6 14. Na3 Qa5 15. Nb5 Nxb5 16. cxb5 Nb4 17. a4 Nd5 18. Ne5 Be6 19. Rdc1 Rac8 20. Rc5 Qb4 21. Nd3 Qa5 22. Rxc8 Rxc8 23. Nc5 Nc3 24. Qd2 Bxd4 25. Nxe6 fxe6 26. Bxb7 Rf8 27. Rf1 e5 28. Kg2 Qc7 29.
Bc6 Qa5 30. f4 Qb4 31. Rc1 exf4 32. Bxc3 Bxc3 33. Qxc3 f3+ 34. Bxf3 1-0

[Event "Early-Titled-Tuesday-Blitz-August-29-2023"]
[Site "Chess.com"]
[Date "2023.08.29"]
[Round "7"]
[White "only_strong_moves"]
[Black "CalinGheorghiu"]
[Result "1-0"]
[WhiteElo "2528"]
[BlackElo "2354"]
[TimeControl "180+1"]
[EndTime "9:15:40 PDT"]
[Termination "only_strong_moves won by checkmate"]

1. d4 Nf6 2. Nc3 d5 3. Bf4 e6 4. Nb5 Na6 5. e3 Be7 6. Nf3 O-O 7.
Be2 Bd7 8. a4 c5 9. O-O Nh5 10.
Be5 f6 11. Bd6 Bxb5 12. Bxe7 Bxe2 13. Qxe2 Qxe7 14. g4 Qf7 15. Ne1 Qg6 16. Kh1 Qe4+ 17. f3 Nf4 18. Qd2 Qg6 19. exf4 cxd4 20. Qxd4 Rac8 21.
f5 Qf7 22. fxe6 Qxe6 23. Rd1 Rfd8 24. c3 Rc4 25. Qd2 Nc5 26. Ng2 Rxa4 27. Nf4 Qd6 28. Nxd5 Kh8 29. b4 Ne6 30. Qc2 Ra3 31. Nxf6 Qb6 32.
Qxh7# 1-0

[Event "Early-Titled-Tuesday-Blitz-August-29-2023"]
[Site "Chess.com"]
[Date "2023.08.29"]
[Round "7"]
[White "Aleksandar-Topalov"]
[Black "Djager97"]
[Result "1-0"]
[WhiteElo "2372"]
[BlackElo "2594"]
[TimeControl "180+1"]
[EndTime "9:15:43 PDT"]
[Termination "Aleksandar-Topalov won on time"]

1. b3 d5 2. Bb2 Nf6 3. Nf3 Bf5 4. g3 e6 5. d3 h6 6. Bg2 c5 7. Ne5 Nbd7 8. Nxd7 Qxd7 9. O-O Be7 10. Nd2 Rd8 11. e4 dxe4 12. Nxe4 Bxe4 13. dxe4 Qc7 14. Qe2 O-O 15. Rfd1 b6 16. c4 e5 17. Bh3 g6 18. f3 Kg7 19. Rxd8 Rxd8 20. Rd1 Bd6 21. Rd3 Qe7 22. Qd2 h5 23. Kg2 h4 24. Qg5 hxg3 25.
hxg3 Bc7 26. Rxd8 Qxd8 27. Bxe5 Bxe5 28. Qxe5 Qd2+ 29. Kh1 Qe1+ 30. Kh2 Qf2+ 31. Bg2 Qxa2 32. g4 Qf2 33. g5 Qh4+ 34. Kg1 Qe1+ 35. Bf1 Qg3+ 36.
Qxg3 1-0

[Event "Early-Titled-Tuesday-Blitz-August-29-2023"]
[Site "Chess.com"]
[Date "2023.08.29"]
[Round "7"]
[White "Dmitry_Konenkin"]
[Black "Chessbard1972"]
[Result "0-1"]
[WhiteElo "2397"]
[BlackElo "2551"]
[TimeControl "180+1"]
[EndTime "9:15:43 PDT"]
[Termination "Chessbard1972 won by resignation"]

1. d4 Nf6 2. Bg5 Ne4 3. Bh4 d5 4. f3 Nd6 5. Nc3 Nf5 6. Bf2 c5 7. e3 cxd4 8. exd4 Nc6 9. g4 Nh6 10. Bd3 g6 11. Nge2 Bg7 12. Qd2 f5 13. Be3 Nf7 14.
gxf5 Bxf5 15. Bxf5 gxf5 16. O-O-O Qd7 17. Rhg1 Bf6 18.
Nf4 e6 19. Nh5 Qe7 20. Nb5 O-O-O 21. Qc3 Bg5 22. Nxa7+ Kc7 23. Nxc6 bxc6 24. Rxg5 Nxg5 25. Bf4+ Kd7 26. Rg1 h6 27. h4 Rdg8 28. hxg5 hxg5 29. Qa5 gxf4 30. Qc7+ Kxc7 0-1

[Event "Early-Titled-Tuesday-Blitz-August-29-2023"]
[Site "Chess.com"]
[Date "2023.08.29"]
[Round "7"]
[White "xamax2000"]
[Black "OparinGrigoriy"]
[Result "0-1"]
[WhiteElo "2850"]
[BlackElo "2983"]
[TimeControl "180+1"]
[EndTime "9:15:45 PDT"]
[Termination "OparinGrigoriy won by resignation"]

1. d4 Nf6 2. c4 e6 3. Nf3 b6 4. a3 Bb7 5. Nc3 Ne4 6. Nxe4 Bxe4 7. Bf4 Be7 8. e3 O-O 9. Bd3 Bxd3 10. Qxd3 d6 11. O-O a5 12. b4 Nd7 13. e4 Re8 14. Be3 h6 15. h3 Qc8 16. b5 a4 17. Bd2 e5 18. Bc3 exd4 19. Nxd4 Nc5 20. Qc2 Bf6 21.
Rae1 Bxd4 22. Bxd4 Nb3 23. Bb2 f6 24. Re3 Qd7 25.
f4 Re6 26. Rfe1 Rae8 27. Kh1 Qf7 28. R1e2 R6e7 29. Rf2 Qh5 30. e5 dxe5 31. fxe5 fxe5 32. Rf5 Qg6 33. Rexe5 Rxe5 34. Bxe5 Kh7 35. Qf2 Nc5 36. Qf3 Re7 37. h4 Qe8 38. Bd4 Ne4 39. Kh2 Qd7 40. Rf4 Qxd4 0-1

[Event "Early-Titled-Tuesday-Blitz-August-29-2023"]
[Site "Chess.com"]
[Date "2023.08.29"]
[Round "7"]
[White "AradNazari"]
[Black "YouJustFoundYourGodfather"]
[Result "0-1"]
[WhiteElo "2752"]
[BlackElo "2603"]
[TimeControl "180+1"]
[EndTime "9:15:45 PDT"]
[Termination "YouJustFoundYourGodfather won by resignation"]

1. e4 e6 2. d4 d5 3. e5 c5 4. c3 Nc6 5. Nf3 Qb6 6. a3 c4 7. Nbd2 Bd7 8. Be2 Nge7 9. O-O Na5 10. Qc2 Qc7 11. a4 Nc8 12. b4 cxb3 13. Nxb3 Nc4 14. Nfd2 Nxd2 15. Nxd2 Be7 16. c4 O-O 17. Bd3 g6 18. cxd5 Qxc2 19. Bxc2 exd5 20. Bb3 Be6 21. a5 Bb4 22. Nf3 Ne7 23. Ra4 Nc6 24. a6 b5 25.
Ra2 Bc3 26. Rc2 Nxd4 27. Nxd4 Bxd4 28. Rd1 Bxe5 29. Bxd5 Rad8 30. Rcd2 Bf4 31. Bb7 Bxd2 32. Rxd2 Rxd2 33. Bxd2 Rd8 0-1

[Event "Early-Titled-Tuesday-Blitz-August-29-2023"]
[Site "Chess.com"]
[Date "2023.08.29"]
[Round "7"]
[White "MathiasWomacka"]
[Black "FeketeBarika"]
[Result "1-0"]
[WhiteElo "2471"]
[BlackElo "2343"]
[TimeControl "180+1"]
[EndTime "9:15:45 PDT"]
[Termination "MathiasWomacka won by resignation"]

1. e4 e6 2. d4 d5 3. Nd2 Be7 4. Ngf3 Nf6 5. e5 Nfd7 6. Bd3 c5 7. c3 b6 8. Nf1 Ba6 9. Ne3 Bxd3 10. Qxd3 Nc6 11. a3 f6 12. exf6 Bxf6 13. O-O O-O 14. Re1 cxd4 15. cxd4 Kh8 16. Ng4 Re8 17. Bf4 Qe7 18.
Rac1 Rac8 19. Qa6 Nf8 20. Nfe5 Nb8 21. Qxc8 Rxc8 22. Rxc8 Na6 23. Nc6 Qf7 24. Nxf6 gxf6 25. Bh6 1-0

[Event "Early-Titled-Tuesday-Blitz-August-29-2023"]
[Site "Chess.com"]
[Date "2023.08.29"]
[Round "7"]
[White "vishwa_vijeta"]
[Black "NovikovaGalina"]
[Result "0-1"]
[WhiteElo "2517"]
[BlackElo "2415"]
[TimeControl "180+1"]
[EndTime "9:15:46 PDT"]
[Termination "NovikovaGalina won by resignation"]

1. e4 e5 2. Nf3 Nc6 3. d4 exd4 4. Bc4 Bc5 5. c3 d3 6. Qxd3 d6 7. O-O Nf6 8. b4 Bb6 9. a4 a6 10. Bf4 O-O 11. Nbd2 h6 12. h3 Qe7 13. Rfe1 Ne5 14. Nxe5 dxe5 15. Bh2 Be6 16. Bxe5 Rad8 17. Bxf6 Qxf6 18.
Bd5 Bxf2+ 19. Kh1 Bxe1 20. Rxe1 c6 21. c4 cxd5 22. cxd5 Bd7 23. Rf1 Qb2 24. e5 Bxa4 25. Qe3 Rxd5 26. Nc4 Qd4 27. Qe2 Bb5 28. e6 Qxc4 29.
exf7+ Kh8 0-1

[Event "Early-Titled-Tuesday-Blitz-August-29-2023"]
[Site "Chess.com"]
[Date "2023.08.29"]
[Round "7"]
[White "Mikhail_Golubev"]
[Black "BashirliSaadat"]
[Result "0-1"]
[WhiteElo "2555"]
[BlackElo "2395"]
[TimeControl "180+1"]
[EndTime "9:15:46 PDT"]
[Termination "BashirliSaadat won on time"]

1. e4 c6 2. d4 d5 3. Nc3 dxe4 4. Nxe4 Nf6 5. Nxf6+ exf6 6. c3 Bd6 7. Bd3 O-O 8. Ne2 Re8 9. O-O Bg4 10. f3 Bh5 11.
Nf4 Bg6 12. Nxg6 hxg6 13. Qb3 Qc7 14. Bxg6 Bxh2+ 15. Kh1 Bd6 16. Bd2 Kf8 17. Bd3 Nd7 18. f4 g6 19. Qd1 Kg7 20. Qg4 Rh8+ 21. Kg1 Rae8 22. Rae1 c5 23. Rxe8 Rxe8 24. Bb5 Re7 25. Be3 Nb6 26. Rf3 Nd5 27. Bd2 cxd4 28. f5 dxc3 29.
bxc3 Qc5+ 30. Kh1 Qxb5 0-1

[Event "Early-Titled-Tuesday-Blitz-August-29-2023"]
[Site "Chess.com"]
[Date "2023.08.29"]
[Round "7"]
[White "skkeyan1309"]
[Black "mishanick"]
[Result "0-1"]
[WhiteElo "2727"]
[BlackElo "3131"]
[TimeControl "180+1"]
[EndTime "9:15:47 PDT"]
[Termination "mishanick won by resignation"]

1. d4 Nf6 2. c4 e6 3. Nc3 d5 4.
cxd5 exd5 5. Bg5 c6 6. e3 h6 7. Bh4 Be7 8. Bd3 O-O 9. Nge2 Nbd7 10. O-O Nh5 11. Bxe7 Qxe7 12. Qc2 Ndf6 13. Rae1 Re8 14. Ng3 Nxg3 15. hxg3 Qd6 16. Ne2 Bg4 17. f3 Bh5 18. Qd2 Bg6 19. Bxg6 fxg6 20. g4 g5 21. Qd3 Re7 22. Nc3 Rae8 23. Kf2 h5 24. gxh5 Nxh5 25.
Rh1 Qg3+ 26. Kf1 Nf6 27. Re2 g4 28. Qg6 Rxe3 29. Rxe3 Rxe3 30. Ne2 Rxe2 0-1

[Event "Early-Titled-Tuesday-Blitz-August-29-2023"]
[Site "Chess.com"]
[Date "2023.08.29"]
[Round "7"]
[White "whiteglovethief"]
[Black "SpongeBob_03"]
[Result "1-0"]
[WhiteElo "2414"]
[BlackElo "2186"]
[TimeControl "180+1"]
[EndTime "9:15:53 PDT"]
[Termination "whiteglovethief won by resignation"]

1. d4 Nf6 2. c4 e6 3. Nf3 Bb4+ 4. Bd2 Qe7 5. g3 b6 6. Bg2 Bb7 7. O-O O-O 8. Bf4 d5 9. c5 bxc5 10. a3 Ba5 11. dxc5 c6 12. Bd6 Qd7 13. Bxf8 Kxf8 14.
b4 Bc7 15. e3 a5 16. Nc3 Na6 17. Qb3 e5 18. Rfd1 e4 19. Nd4 Rb8 20. Na4 Bc8 21.
Qc3 axb4 22. axb4 Rxb4 23. Rdb1 Rc4 24. Qd2 Nxc5 25. Nb6 Bxb6 26. Rxb6 Nd3 27. Rb8 Ke7 28. Raa8 Rc1+ 29. Bf1 Qh3 30. Qxc1 Nxc1 31. Bxh3 Bxh3 32. Nxc6+ Kd6 33. Nd4 Ng4 34. Rb6+ Kc5 35. Rc6+ Kb4 36. Rb8+ Ka5 37. Rxc1 Ne5 38. Rc7 Ka6 39. Re7 f6 40.
Rxg7 h5 41. Rh7 h4 42. Rxh4 Bd7 43. Rh6 Ng4 44. Rg6 Ka5 45. Rxg4 Bxg4 46. h4 f5 47. Kg2 Ka6 48. Ne6 Ka7 49. Rb2 Ka6 50. Nf4 Ka5 51. Nxd5 Ka4 52. Rb8 Ka3 53. Nf6 Ka4 54.
Nxg4 1-0

[Event "Early-Titled-Tuesday-Blitz-August-29-2023"]
[Site "Chess.com"]
[Date "2023.08.29"]
[Round "7"]
[White "Road2GM3000"]
[Black "noblerone"]
[Result "0-1"]
[WhiteElo "2426"]
[BlackElo "2556"]
[TimeControl "180+1"]
[EndTime "9:15:54 PDT"]
[Termination "noblerone won on time"]

1. d4 d5 2. c4 c6 3. Nc3 Nf6 4. Nf3 dxc4 5. a4 Bf5 6. Nh4 Be6 7. e4 g6 8. Be2 Bg7 9. Be3 a5 10. f4 Na6 11. f5 gxf5 12. Nxf5 Bxf5 13. exf5 Nd5 14.
Nxd5 cxd5 15. O-O Qb6 16. Bg4 Bf6 17. Rc1 Nb4 18. Bf3 Rc8 19. b3 c3 20. Kh1 Qc6 21.
Qe2 c2 22. g4 h6 23. Rfe1 Na2 24. Ra1 Nb4 25. Bf4 Kf8 26. Rac1 Qc3 27. Qg2 Nd3 28. g5 hxg5 0-1

[Event "Early-Titled-Tuesday-Blitz-August-29-2023"]
[Site "Chess.com"]
[Date "2023.08.29"]
[Round "7"]
[White "KononenkoD"]
[Black "NasirAkylbekov"]
[Result "0-1"]
[WhiteElo "2634"]
[BlackElo "2487"]
[TimeControl "180+1"]
[EndTime "9:15:55 PDT"]
[Termination "NasirAkylbekov won on time"]

1. e4 e5 2. Nf3 Nc6 3. d4 exd4 4. Nxd4 Nge7 5. Bc4 d6 6. O-O Nxd4 7. Qxd4 Nc6 8. Qd1 Be7 9. Nc3 O-O 10. h3 Be6 11. Bd5 Bf6 12. f4 Re8 13. Kh1 Bxc3 14. bxc3 Bxd5 15.
exd5 Ne7 16. f5 Qd7 17. Qd3 c6 18. c4 b5 19. dxc6 Nxc6 20. cxb5 Ne5 21. Qb3 d5 22. Bb2 Nc4 23. a4 Rac8 24. Rf2 Re3 25. Qb4 Re4 26. Qc3 f6 27. Rd1 Ne3 28. Qd2 Nxd1 29. Qxd1 Rce8 30. Qf3 Qd6 31. Bc3 Re3 32. Qh5 Re1+ 33. Bxe1 Rxe1+ 0-1

[Event "Early-Titled-Tuesday-Blitz-August-29-2023"]
[Site "Chess.com"]
[Date "2023.08.29"]
[Round "7"]
[White "crazy_m_attack"]
[Black "djano"]
[Result "0-1"]
[WhiteElo "2340"]
[BlackElo "2526"]
[TimeControl "180+1"]
[EndTime "9:15:57 PDT"]
[Termination "djano won on time"]

1. e4 c5 2. Nf3 Nc6 3. d4 cxd4 4.
Nxd4 g6 5. Nc3 Bg7 6. Be3 Nf6 7. f3 O-O 8. Bc4 Qb6 9. Rb1 Qb4 10. Bb3 Nxd4 11. Bxd4 d6 12. O-O Be6 13. a3 Qa5 14. Bxe6 fxe6 15. Qe2 Rac8 16. Qf2 a6 17. Bb6 Qh5 18. Qe2 Nd7 19. Be3 Ne5 20. h3 Nc4 21. Nd1 b5 22. b3 Nxa3 23. Rb2 Bxb2 24. Nxb2 Rxc2 25. Qe1 Rxb2 26. Bc1 Ra2 27. Rf2 Ra1 0-1